 Dungeon Crawl Stone Soup version 0.24.0-123-gd5b16e6ec5 (webtiles) character file.

Game seed: 2442211649219391433, levelgen mode: deterministic

2212 Delamore the Cleaver (level 9, -1/70 HPs)
             Began as a Hill Orc Fighter on Dec 28, 2019.
             Was a Priest of Okawaru.
             Shot with a sling bullet by Joseph (13 damage)
             ... on level 7 of the Dungeon.
             The game lasted 00:12:12 (6380 turns).

Delamore the Cleaver (Hill Orc Fighter)             Turns: 6380, Time: 00:12:13

Health: -1/70      AC:  9    Str: 24    XL:     9   Next: 35%
Magic:  9/9        EV:  7    Int:  8    God:    Okawaru [***...]
Gold:   82         SH:  0    Dex: 10    Spells: 8/8 levels left

rFire    x . .     SeeInvis .   j - +8 mace of the Skies Above {holy, rC+ Str+2}
rCold    + + .     Gourm    .   c - +0 shield
rNeg     . . .     Faith    +   b - +0 scale mail
rPois    .         Spirit   .   l - +0 helmet
rElec    .         Reflect  .   (no cloak)
rCorr    .         Harm     .   r - +0 pair of gloves (curse)
MR       .....                  (no boots)
Stlth    ..........             H - amulet of faith
HPRegen  0.21/turn              o - ring of flight
MPRegen  0.11/turn              z - ring of ice

@: confused
A: no striking features
a: Heroism, Renounce Religion, Evoke Flight


You were on level 7 of the Dungeon.
You worshipped Okawaru.
Okawaru was most pleased with you.
You were not hungry.

You visited 2 branches of the dungeon, and saw 8 of its levels.

You collected 331 gold pieces.
You spent 249 gold pieces at shops.

Inventory:

Hand Weapons
 j - the +8 mace of the Skies Above (weapon) {holy, rC+ Str+2}
   (You found it on level 4 of the Dungeon)

   It has been blessed by the Shining One to cause great damage to the undead
   and demons.
   It affects your strength (+2).
   It protects you from cold.
 w - a +4 war axe of electrocution
Missiles
 n - 3 silver boomerangs (quivered)
Armour
 b - a +0 scale mail (worn)
 c - a +0 shield (worn)
 l - a +0 helmet (worn)
 r - a cursed +0 pair of gloves (worn)
Jewellery
 o - a ring of flight (left hand)
 p - an uncursed ring of magical power
 z - a ring of ice (right hand)
 E - the amulet of Begraur {+Rage rElec rF+}
   (You bought it in a shop on level 5 of the Dungeon)

   [amulet of rage]

   It protects you from fire.
   It insulates you from electricity.
   It lets you go berserk.
 H - an amulet of faith (around neck)
Wands
 y - a wand of flame (19)
 A - a wand of random effects (38)
 F - a wand of iceblast (8)
Scrolls
 e - 3 scrolls of fog {unknown}
 h - 2 scrolls of remove curse
 m - 2 scrolls of magic mapping
 s - a scroll of blinking
 t - 4 scrolls of teleportation {unknown}
 B - 2 scrolls of fear {unknown}
 C - a scroll of immolation {unknown}
Potions
 a - a potion of magic
 d - a potion of might
 g - 2 potions of curing {unknown}
 i - a potion of degeneration
 k - a potion of invisibility
 q - 2 potions of haste
 u - 2 potions of agility {unknown}
 x - a potion of resistance {unknown}
 D - 2 potions of lignification {unknown}
 G - a potion of mutation {unknown}
Comestibles
 f - 9 rations


   Skills:
 - Level 3.6 Fighting
 - Level 12.8(13.7) Axes
 * Level 7.5(10.2) Maces & Flails
 - Level 3.2 Armour
 - Level 3.2 Shields


You had 8 spell levels left.
You didn't know any spells.
Your spell library was empty.

Dungeon Overview and Level Annotations

Branches:
Dungeon (7/15)             Temple (1/1) D:6

Altars:
Ashenzari
Cheibriados
Dithmenos
Elyvilon
Fedhas
Gozag
Hepliaklqana
Kikubaaqudgha
Makhleb
Nemelex Xobeh
Okawaru
Qazlal
Ru
Trog
Uskayaw
Wu Jian
Xom
Yredelemnul
Zin
The Shining One

Shops:
D:5 *   D:6 [[:(*

Annotations:
D:7 Joseph


Message History

Reactivating autopickup.
The orc wizard casts a spell.
The orc wizard flickers and vanishes!
Deactivating autopickup; reactivate with Ctrl-A.
You hear some strange, mumbled words.
You are confused.
Joseph shoots a sling bullet.
The sling bullet hits you!!
* * * LOW HITPOINT WARNING * * *
Things that are here:
a sling bullet; a +2 whip of freezing; a +1 robe of fire resistance You can't go up here!
Something hits you but does no damage.
Joseph shoots a sling bullet.
The sling bullet hits you but does no damage.
You feel much better.
You hear some strange, mumbled words.
A puff of flame appears from out of thin air!
The puff of flame hits you! The fire burns you terribly!
* * * LOW HITPOINT WARNING * * *
Joseph shoots a sling bullet.
The sling bullet hits you!
You die...

...#...............##...##
. #
...†.........##....##...#
#
...##...##...##....##...#
#
...#######..@.......#...#
# ....#
#...........'...#####+###
...##
#...........#..........##
####
#...........#...†......#.
#...........#..........#.
#.......@{..#..........#.
#........(..#..........#.
##.####...###...####...##
######.<.###...####...##
#...............#.....
#...............#.....
#...............#.....
#.........>.....#.....
#...............#.....


You could see Joseph.

Vanquished Creatures
  Pikel (D:7)
  Duvessa (D:5)
  An orc warrior (D:7)
  An ice beast (D:6)
  2 ogres
  2 centaurs
  Dowan (D:4)
  A gnoll sergeant (D:6)
  2 scorpions
  The ghost of Graubrot the Skirmisher, a weakling CeFi (D:3)
  3 wights (D:6)
  A howler monkey (D:6)
  2 crimson imps (D:6)
  A hound (D:6)
  An orc priest (D:4)
  4 orc wizards
  3 worker ants
  A hound zombie (D:7)
  2 hound skeletons
  A worker ant zombie (D:6)
  Robin (D:1)
  A howler monkey zombie (D:5)
  8 adders
  7 gnolls (D:6)
  3 shadow imps (D:6)
  2 oozes
  2 worms
  A dart slug (D:1)
  2 leopard geckos
  16 orcs
  19 goblins
  11 hobgoblins
  10 jackals
  3 quokkas
  2 ball pythons
  13 bats
  7 frilled lizards
  16 kobolds
  A leopard gecko skeleton (D:5)
  8 rats
  A spectral orc (D:5)
166 creatures vanquished.

Notes
Turn   | Place    | Note
-------+----------+-------------------------------------------
     0 | D:1      | Delamore the Hill Orc Fighter began the quest for the Orb.
     0 | D:1      | Reached XP level 1. HP: 19/19 MP: 1/1
    18 | D:1      | Reached skill level 3 in Axes
    67 | D:1      | Reached XP level 2. HP: 13/26 MP: 2/2
   347 | D:1      | Reached skill level 4 in Axes
   440 | D:1      | Reached XP level 3. HP: 24/31 MP: 3/3
   971 | D:1      | Reached skill level 5 in Axes
  1144 | D:2      | Noticed Robin
  1159 | D:1      | Killed Robin
  1159 | D:1      | Reached XP level 4. HP: 12/39 MP: 4/4
  1573 | D:2      | Found a sparkling altar of Nemelex Xobeh.
  1631 | D:2      | Found an iron altar of Okawaru.
  1635 | D:2      | Reached skill level 6 in Axes
  1642 | D:2      | Became a worshipper of Warmaster Okawaru
  1924 | D:2      | Reached XP level 5. HP: 36/45 MP: 5/5
  2068 | D:3      | Found a blossoming altar of Fedhas.
  2151 | D:3      | Found a white marble altar of Elyvilon.
  2156 | D:3      | Reached skill level 7 in Axes
  2510 | D:3      | Found a runed translucent gate.
  2510 | D:3      | Found a runed translucent gate.
  2510 | D:3      | Found a runed translucent gate.
  2510 | D:3      | Identified the +4 whip of Sloth {venom, rPois MP-9 Int+2}
  2511 | D:3      | Noticed Graubrot's ghost (weakling CeFi)
  2613 | D:3      | Found a sacrificial altar of Ru.
  2892 | D:3      | Killed Graubrot's ghost
  2905 | D:3      | HP: 2/45 [kobold/+4 dagger of distortion (2)]
  3327 | D:4      | Reached skill level 8 in Axes
  3327 | D:4      | Reached XP level 6. HP: 43/51 MP: 0/6
  3428 | D:4      | Got a smoking long sword
  3429 | D:4      | Identified the cursed +1 long sword of Anguish {slice,
                  | *Contam rC+ Int+4 SInv} (You found it on level 4 of the
                  | Dungeon)
  3541 | D:4      | Reached skill level 9 in Axes
  3839 | D:4      | Got an ebony mace
  3840 | D:4      | Identified the +8 mace of the Skies Above {holy, rC+ Str+2}
                  | (You found it on level 4 of the Dungeon)
  3955 | D:5      | Entered Level 5 of the Dungeon
  3955 | D:5      | Noticed Duvessa
  3955 | D:5      | Noticed Dowan
  3966 | D:5      | Killed Duvessa
  3966 | D:5      | Reached skill level 10 in Axes
  3966 | D:5      | Reached XP level 7. HP: 40/57 MP: 7/7
  4174 | D:4      | Killed Dowan
  4174 | D:4      | Reached * piety under Okawaru
  4275 | D:5      | Found a burning altar of Makhleb.
  4578 | D:5      | Reached skill level 11 in Axes
  4642 | D:5      | Reached XP level 8. HP: 53/64 MP: 8/8
  4719 | D:5      | Found Mosa's Assorted Antiques.
  4726 | D:5      | Bought a bound crystal amulet for 105 gold pieces
  4726 | D:5      | Identified the amulet of Begraur {+Rage rElec rF+} (You
                  | bought it in a shop on level 5 of the Dungeon)
  4789 | D:5      | Found a basalt altar of Yredelemnul.
  4841 | D:5      | Bought 3 scrolls of identify for 126 gold pieces
  4841 | D:5      | Bought a fizzy sapphire potion for 18 gold pieces
  4902 | D:6      | Reached ** piety under Okawaru
  5109 | D:6      | Reached skill level 12 in Axes
  5234 | D:6      | Found a staircase to the Ecumenical Temple.
  5277 | D:6      | Found Igentucu's Armour Emporium.
  5295 | D:6      | Reached skill level 1 in Maces & Flails
  5309 | D:6      | Found Taitsed's Book Shoppe.
  5388 | D:6      | Found Notuosk's Antique Armour Shoppe.
  5434 | D:6      | Found Kageamm's Assorted Antiques.
  5498 | D:6      | Found Roubruef's Antique Weapon Shop.
  5940 | Temple   | Entered the Ecumenical Temple
  6023 | D:7      | Noticed Pikel
  6035 | D:7      | Killed Pikel
  6035 | D:7      | Reached *** piety under Okawaru
  6035 | D:7      | Reached XP level 9. HP: 30/70 MP: 9/9
  6357 | D:7      | Noticed Joseph
  6380 | D:7      | Shot with a sling bullet by Joseph

Levels and vault maps discovered:
D:1:      zelgadis_glass_arrival_small, layout_loops_ring, minmay_pentomino_o2
D:2:      layout_loops_ring, old_standard_altar, chequers_decorated_corner,
          nemelex_lonely_heart_becter, uniq_robin
D:3:      layout_loops_ring, elyvilon_altar_3, fedhas_altar_3,
          gammafunk_ghost_nasty_kobolds, nicolae_ru_path_of_blood
D:4:      layout_rooms
D:5:      layout_rooms, bloody_makhleb, yredelemnul_forgotten_temple_becter,
          first_ration, serial_shops, nicolae_shop_crystal, uniq_duvessa
D:6:      layout_layer_cave, minmay_temple_entry_drinking_statues, serial_shops,
          shop, shop, shop, nicolae_shop_stone, shop, minmay_fountain_box
D:7:      layout_gridville, gammafunk_temple_overflow_statue, uniq_pikel,
          uniq_crazy_yiuf_cottage, uniq_joseph
Temple:   minmay_freezing_vapour_temple

Skill      XL: |  1  2  3  4  5  6  7  8 |
---------------+-------------------------+-----
Axes           | 3 4 5 6 8 10 11 12 | 12.8
Maces & Flails | 7 |  7.5
Fighting       | |  3.6
Armour         | |  3.2
Shields        | |  3.2

Action                   |  1- 3 |  4- 6 |  7- 9 || total
-------------------------+-------+-------+-------++-------
Melee: War axe           |   122 |   214 |       ||   336
       Whip              |       |    11 |       ||    11
       Mace              |       |     8 |   170 ||   178
  Use: Potion            |       |     3 |     1 ||     4
       Scroll            |       |     5 |     3 ||     8
  Eat: Chunk             |     1 |     5 |     5 ||    11
       Ration            |       |     1 |     1 ||     2
Armor: Scale mail        |    50 |   103 |   107 ||   260
Dodge: Dodged            |    43 |    78 |    66 ||   187
Block: Shield            |    59 |   129 |   105 ||   293
